 Dungeon Crawl Stone Soup version 0.18.1-5-g4a78601 (webtiles) character file.

11 Mefis the Magician (level 2, 15/15 HPs)
             Began as a Deep Elf Wizard on May 11, 2016.
             Quit the game on level 1 of the Dungeon.
             The game lasted 00:01:49 (717 turns).

Mefis the Magician (Deep Elf Wizard)                 Turns: 717, Time: 00:01:49

Health: 15/15      AC:  4    Str:  4    XL:     2   Next: 17%
Magic:  8/9        EV: 10    Int: 22    God:
Gold:   34         SH:  6    Dex: 13    Spells: 4 memorised, 3 levels left

rFire  . . .     SeeInvis .     j - +0 dagger
rCold  . . .     Gourm    .     a - +0 robe
rNeg   . . .     Faith    .     i - +0 shield (curse)
rPois  .         Spirit   .     m - +1 helmet
rElec  .         Dismiss  .     (no cloak)
rCorr  .         Reflect  .     (no gloves)
SustAt .         Harm     .     (no boots)
MR     .....                    (no amulet)
Stlth  ++........               (no ring)
                                (no ring)

@: not resistant to hostile enchantments, unstealthy
A: no striking features
a: no special abilities


You were on level 1 of the Dungeon.
You were not hungry.

You visited 1 branch of the dungeon, and saw 1 of its levels.

You collected 34 gold pieces.

Inventory:

Hand Weapons
 f - a +1 vampiric whip
 j - a +0 dagger (weapon)
Missiles
 k - 21 arrows
Armour
 a - a +0 robe (worn)
 b - a +0 hat
 i - a cursed +0 shield (worn)
 m - a +1 helmet (worn)
Jewellery
 h - an uncursed ring of fire {unknown}
Scrolls
 e - a scroll of remove curse {unknown}
 l - a scroll of random uselessness {unknown}
Potions
 g - a potion of heal wounds {unknown}
Books
 c - a book of Minor Magic

   Spells                             Type                      Level
   a - Magic Dart                     Conjuration                  1
   b - Blink                          Translocation                2
   c - Call Imp                       Summoning                    2
   d - Repel Missiles                 Charms/Air                   2
   e - Slow                           Hexes                        2
   f - Conjure Flame                  Conjuration/Fire             3
   g - Mephitic Cloud                 Conjuration/Poison/Air       3
Comestibles
 d - 2 bread rations


   Skills:
 + Level 2.5 Dodging
 + Level 2.7 Stealth
 * Level 0.2 Shields
 + Level 4.6 Spellcasting
 * Level 1.5 Conjurations
 - Level 1.1 Summonings
 - Level 1.1 Translocations


You had 3 spell levels left.
You knew the following spells:

 Your Spells              Type           Power        Failure   Level  Hunger
a - Magic Dart            Conj           ##..         38%         1    None
b - Call Imp              Summ           #.......     77%         2    None
c - Blink                 Tloc           N/A          77%         2    None
d - Repel Missiles        Chrm/Air       #.....       92%         2    None


Dungeon Overview and Level Annotations

Branches:
Dungeon (1/15)

Altars:
Ashenzari


Message History

Casting: Magic Dart
Confirm with . or Enter, or press ? or * to list all spells.
You don't know that spell.
You start resting.
HP restored.
Memorise Call Imp, consuming 2 spell levels and leaving 7?
You start memorising the spell.
You continue memorising. x2
You finish memorising.
Spell assigned to 'b'.
Memorise Blink, consuming 2 spell levels and leaving 5?
You start memorising the spell.
You continue memorising. x2
You finish memorising.
Spell assigned to 'c'.
This spell is quite dangerous to cast!
Memorise Repel Missiles, consuming 2 spell levels and leaving 3?
You start memorising the spell.
You continue memorising.
Your magical contamination has completely faded away.
You continue memorising.
You finish memorising.
Spell assigned to 'd'.
Okay, then.
Unknown command.
Are you sure you want to abandon this character and quit the game? (Confirm with "yes".)

#.########## #.# ####
#.############
####...
#.......#.....
.......
#.#####.#.####
.....†. ##.## #.#.# #
.......
##...####.#.####
#...##......>.......#
#..@........#...##.#
#######.#####...##.#
#.............
#.######.###..
##........# #..
##...####### ##.
##.....## ###.
##.......## ##.#.
#.........####....


There were no monsters in sight!

Vanquished Creatures
  A giant cockroach (D:1)
  4 goblins (D:1)
  2 giant newts (D:1)
  4 kobolds (D:1)
  2 rats (D:1)
13 creatures vanquished.

Notes
Turn   | Place    | Note
--------------------------------------------------------------
     0 | D:1      | Mefis the Deep Elf Wizard began the quest for the Orb.
     0 | D:1      | Reached XP level 1. HP: 10/10 MP: 7/7
   464 | D:1      | Found a shattered altar of Ashenzari.
   469 | D:1      | Reached XP level 2. HP: 15/15 MP: 6/9
   711 | D:1      | Learned a level 2 spell: Call Imp
   714 | D:1      | Learned a level 2 spell: Blink
   717 | D:1      | Learned a level 2 spell: Repel Missiles
   717 | D:1      | Quit the game

Action                   || total
-------------------------++-------
 Cast: Magic Dart        ||    25
Dodge: Dodged            ||     1
Block: Shield            ||     1
